NYP
SPOKANE INDIANS @ LOS ANGELES (NYP) ANGELS
06/02/2048
 
TOP OF THE 1ST
Spokane Indians batting - Pitching for Los Angeles (NYP) Angels : RHP Hector Carrizales
Pitching: RHP Hector Carrizales
Batting: RHB Danny Odom 0-0: Swinging Strike
0-1: Ball
1-1: Ball
2-1: Swinging Strike
2-2: Strikes out swinging
Batting: RHB Alex Vazquez 0-0: Ball
1-0: Called Strike
1-1: Swinging Strike
1-2: Ground out 5-3 (Groundball, 5, EV 83.8 MPH)
Batting: RHB Mike Thornton 0-0: Ball
1-0: Ball
2-0: SINGLE (Line Drive, 78M, EV 106.2 MPH)
Batting: LHB Nick Foutz 0-0: Fly out, F8 (Line Drive, 89M, EV 96.2 MPH)
Top of the 1st over - 0 runs, 1 hit, 0 errors, 1 left on base; Spokane 0 - Los Angeles (NYP) 0
BOTTOM OF THE 1ST
Los Angeles (NYP) Angels batting - Pitching for Spokane Indians : RHP Victor Walshe
Pitching: RHP Victor Walshe
Batting: RHB Dan Myers 0-0: Called Strike
0-1: Swinging Strike
0-2: Ball
1-2: Strikes out swinging
Batting: RHB Rory Cobb 0-0: Foul Ball, location: 2F
0-1: SINGLE (Groundball, 56D, EV 96.2 MPH)
Batting: RHB Sean Rocha 0-0: Ball
1-0: Swinging Strike
1-1: Called Strike
1-2: Ball
2-2: Strikes out swinging
Rory Cobb steals 2nd base
Batter strikes out.
Batting: SHB Danny Gelinas 0-0: Foul Ball, location: 2F
0-1: Ball
1-1: Hit by Pitch
Batting: LHB Alberto Carrillo 0-0: Foul Ball, location: 2F
0-1: Foul Ball, location: 2F
0-2: Strikes out looking
Bottom of the 1st over - 0 runs, 1 hit, 0 errors, 2 left on base; Spokane 0 - Los Angeles (NYP) 0
TOP OF THE 2ND
Spokane Indians batting - Pitching for Los Angeles (NYP) Angels : RHP Hector Carrizales
Batting: RHB Dennis Daniels 0-0: Ball
1-0: Foul Ball, location: 2F
1-1: Swinging Strike
1-2: Ball
2-2: Fly out, F9 (Flyball, 89D, EV 103.1 MPH)
Batting: LHB Mike Sammons 0-0: Swinging Strike
0-1: TRIPLE (Flyball, 89XD, EV 106.9 MPH)
Batting: RHB Vinny Luna 0-0: Called Strike
0-1: Foul Ball, location: 2F
0-2: Foul Ball, location: 2F
0-2: Ball
1-2: Ball
2-2: Ground out 6-3 (Groundball, 56, EV 90.0 MPH)
Mike Sammons scores
Batting: RHB Jason Swisher 0-0: Ground out U3 (Groundball, 34, EV 79.4 MPH)
Top of the 2nd over - 1 run, 1 hit, 0 errors, 0 left on base; Spokane 1 - Los Angeles (NYP) 0
BOTTOM OF THE 2ND
Los Angeles (NYP) Angels batting - Pitching for Spokane Indians : RHP Victor Walshe
Batting: RHB Dan Burkhart 0-0: Foul Ball, location: 2F
0-1: SINGLE (Line Drive, 56D, EV 108.8 MPH)
Batting: LHB Spencer Palmer 0-0: Called Strike
0-1: Fielders Choice at 2nd, 4-6 (Groundball, 4M, EV 80.0 MPH)
Batting: RHB Phil Knox 0-0: Grounds into double play, 4-6-3 (Groundball, 4, EV 90.6 MPH)
Bottom of the 2nd over - 0 runs, 1 hit, 0 errors, 0 left on base; Spokane 1 - Los Angeles (NYP) 0
TOP OF THE 3RD
Spokane Indians batting - Pitching for Los Angeles (NYP) Angels : RHP Hector Carrizales
Batting: RHB Eric Garrett 0-0: Called Strike
0-1: Called Strike
0-2: Ball
1-2: SINGLE (Line Drive, 8LS, EV 108.8 MPH)
Batting: RHB Danny Odom 0-0: Called Strike
0-1: Ball
1-1: Ball
2-1: Foul Ball, location: 2F
2-2: Ball
3-2: Base on Balls
Eric Garrett to second
Batting: RHB Alex Vazquez 0-0: Ball
1-0: Ball
2-0: Fly out, F8 (Flyball, 8LD, EV 103.1 MPH)
Batting: RHB Mike Thornton 0-0: Ball
1-0: Called Strike
1-1: Ball
2-1: Ball
3-1: Foul Ball, location: 2F
3-2: DOUBLE (Line Drive, 89XD, EV 106.2 MPH)
Eric Garrett scores
Danny Odom to third
Batting: LHB Nick Foutz 0-0: Fly out, F8 (Flyball, 89D, EV 96.9 MPH)
Runner from 3rd tags up, OUT at HOME! 8-2
Top of the 3rd over - 1 run, 2 hits, 0 errors, 1 left on base; Spokane 2 - Los Angeles (NYP) 0
BOTTOM OF THE 3RD
Los Angeles (NYP) Angels batting - Pitching for Spokane Indians : RHP Victor Walshe
Batting: RHB Davey Verhoog 0-0: Ball
1-0: Ball
2-0: Called Strike
2-1: Ball
3-1: Foul Ball, location: 2F
3-2: Strikes out swinging
Batting: RHB Dan Myers 0-0: Ball
1-0: Swinging Strike
1-1: Fly out, F7 (Flyball, 7D, EV 81.9 MPH)
Batting: RHB Rory Cobb 0-0: Called Strike
0-1: Foul Ball, location: 2F
0-2: Ball
1-2: Ball
2-2: Foul Ball, location: 2F
2-2: Strikes out looking
Bottom of the 3rd over - 0 runs, 0 hits, 0 errors, 0 left on base; Spokane 2 - Los Angeles (NYP) 0
TOP OF THE 4TH
Spokane Indians batting - Pitching for Los Angeles (NYP) Angels : RHP Hector Carrizales
Batting: RHB Dennis Daniels 0-0: Called Strike
0-1: Ball
1-1: Swinging Strike
1-2: Strikes out looking
Batting: LHB Mike Sammons 0-0: Ball
1-0: Ball
2-0: Called Strike
2-1: Ball
3-1: Base on Balls
Batting: RHB Vinny Luna 0-0: Called Strike
0-1: Called Strike
0-2: Strikes out looking
Batting: RHB Jason Swisher 0-0: Ball
1-0: Ball
2-0: Ball
3-0: Base on Balls
Mike Sammons to second
Batting: RHB Eric Garrett 0-0: Ball
1-0: Foul Ball, location: 2F
1-1: Foul Ball, location: 2F
1-2: Foul Ball, location: 2F
1-2: Ground out U3 (Groundball, 3, EV 105.0 MPH)
Top of the 4th over - 0 runs, 0 hits, 0 errors, 2 left on base; Spokane 2 - Los Angeles (NYP) 0
BOTTOM OF THE 4TH
Los Angeles (NYP) Angels batting - Pitching for Spokane Indians : RHP Victor Walshe
Batting: RHB Sean Rocha 0-0: Fly out, F9 (Flyball, 9LS, EV 80.0 MPH)
Batting: SHB Danny Gelinas 0-0: Called Strike
0-1: Ball
1-1: Foul Ball, location: 2F
1-2: Ball
2-2: Foul Ball, location: 2F
2-2: Ball
3-2: Fly out, F8 (Flyball, 8RD, EV 92.5 MPH)
Batting: LHB Alberto Carrillo 0-0: Ball
1-0: Called Strike
1-1: Fly out, F9 (Flyball, 9D, EV 103.8 MPH)
Bottom of the 4th over - 0 runs, 0 hits, 0 errors, 0 left on base; Spokane 2 - Los Angeles (NYP) 0
TOP OF THE 5TH
Spokane Indians batting - Pitching for Los Angeles (NYP) Angels : RHP Hector Carrizales
Batting: RHB Danny Odom 0-0: Ball
1-0: Ball
2-0: Ball
3-0: Called Strike
3-1: Ground out 4-3 (Groundball, 4M, EV 81.2 MPH)
Batting: RHB Alex Vazquez 0-0: Called Strike
0-1: Ball
1-1: Called Strike
1-2: Fly out, F5 (Flyball, 56D, EV 90.6 MPH)
Batting: RHB Mike Thornton 0-0: Foul Ball, location: 2F
0-1: Ground out U3 (Groundball, 34, EV 91.2 MPH)
Top of the 5th over - 0 runs, 0 hits, 0 errors, 0 left on base; Spokane 2 - Los Angeles (NYP) 0
BOTTOM OF THE 5TH
Los Angeles (NYP) Angels batting - Pitching for Spokane Indians : RHP Victor Walshe
Batting: RHB Dan Burkhart 0-0: Ball
1-0: Foul Ball, location: 2F
1-1: Foul Ball, location: 2F
1-2: Foul Ball, location: 2F
1-2: Ball
2-2: SOLO HOME RUN (Flyball, 78XD, EV 114.4 MPH), Distance : 446 ft
Batting: LHB Spencer Palmer 0-0: Swinging Strike
0-1: Ball
1-1: Ball
2-1: Ball
3-1: Ground out 5-3 (Groundball, 5, EV 92.5 MPH)
Batting: RHB Phil Knox 0-0: Called Strike
0-1: Ball
1-1: Foul Ball, location: 2F
1-2: Ball
2-2: Ball
3-2: Fly out, F5 (Popup, 5S, EV 75.6 MPH)
Batting: RHB Davey Verhoog 0-0: Called Strike
0-1: Ball
1-1: Called Strike
1-2: Foul Ball, location: 2F
1-2: Ground out 4-3 (Groundball, 4, EV 83.1 MPH)
Bottom of the 5th over - 1 run, 1 hit, 0 errors, 0 left on base; Spokane 2 - Los Angeles (NYP) 1
TOP OF THE 6TH
Spokane Indians batting - Pitching for Los Angeles (NYP) Angels : RHP Hector Carrizales
Pitching: RHP Troy Ingram
Batting: LHB Nick Foutz 0-0: Ball
1-0: Foul Ball, location: 2F
1-1: Swinging Strike
1-2: Ball
2-2: Foul Ball, location: 2F
2-2: Foul Ball, location: 2F
2-2: Ball
3-2: Strikes out swinging
Batting: RHB Dennis Daniels 0-0: Swinging Strike
0-1: Called Strike
0-2: Strikes out swinging
Batting: LHB Mike Sammons 0-0: Ball
1-0: Foul Ball, location: 2F
1-1: Foul Ball, location: 2F
1-2: Foul Ball, location: 2F
1-2: Ball
2-2: Ball
3-2: Foul Ball, location: 2F
3-2: Base on Balls
Batting: RHB Vinny Luna 0-0: Ball
1-0: Fielders Choice at 2nd, 5-4 (Groundball, 5, EV 87.5 MPH)
Top of the 6th over - 0 runs, 0 hits, 0 errors, 1 left on base; Spokane 2 - Los Angeles (NYP) 1
BOTTOM OF THE 6TH
Los Angeles (NYP) Angels batting - Pitching for Spokane Indians : RHP Victor Walshe
Batting: RHB Dan Myers 0-0: Foul Ball, location: 2F
0-1: Ground out 6-3 (Groundball, 6, EV 79.4 MPH)
Batting: RHB Rory Cobb 0-0: Called Strike
0-1: Ground out 1-3 (Groundball, 34S, EV 76.2 MPH)
Batting: RHB Sean Rocha 0-0: DOUBLE (Flyball, 89D, EV 90.6 MPH)
Batting: SHB Danny Gelinas 0-0: Called Strike
0-1: Foul Ball, location: 2F
0-2: Foul Ball, location: 2F
0-2: SINGLE (Line Drive, 89S, EV 103.1 MPH)
Sean Rocha to third
Runner from 3rd tries for Home, SAFE, throw by RF to home
Batting: LHB Alberto Carrillo 0-0: Called Strike
0-1: Ball
1-1: Ground out U3 (Groundball, 3L, EV 108.8 MPH)
Bottom of the 6th over - 1 run, 2 hits, 0 errors, 1 left on base; Spokane 2 - Los Angeles (NYP) 2
TOP OF THE 7TH
Spokane Indians batting - Pitching for Los Angeles (NYP) Angels : RHP Troy Ingram
Pinch Hitting: LHB Sean Gingrich 0-0: Swinging Strike
0-1: DOUBLE (Flyball, 78D, EV 106.2 MPH)
Pitching: RHP Jamie Snyder
Pinch Hitting: LHB Ben Radach 0-0: Ball
1-0: Called Strike
1-1: SINGLE (Groundball, 56D, EV 103.8 MPH)
Sean Gingrich to third
Pinch Hitting: LHB Casper Kersten 0-0: Ball
1-0: Foul Ball, location: 2F
1-1: Called Strike
1-2: Ball
2-2: Ball
3-2: Base on Balls
Ben Radach to second
Pinch Hitting: SHB Bobby O'Leary 0-0: Foul Ball, location: 2F
0-1: Ball
1-1: Grounds into fielders choice 4-2 (Groundball, 13, EV 93.1 MPH)
Ben Radach to third
Casper Kersten to second
Batting: RHB Mike Thornton 0-0: SINGLE (Groundball, 6, EV 98.1 MPH) (infield hit)
Ben Radach scores
Casper Kersten to third
Bobby O'Leary to second
Batting: LHB Nick Foutz 0-0: Ball
1-0: Called Strike
1-1: Called Strike
1-2: Foul Ball, location: 2F
1-2: Foul Ball, location: 2F
1-2: Foul Ball, location: 2F
1-2: Ball
2-2: Ball
3-2: Base on Balls
Casper Kersten scores
Bobby O'Leary to third
Mike Thornton to second
Batting: RHB Dennis Daniels 0-0: Ball
1-0: Foul Ball, location: 2F
1-1: Called Strike
1-2: SINGLE (Line Drive, 6MD, EV 96.2 MPH)
Bobby O'Leary scores
Mike Thornton to third
Nick Foutz to second
Batting: LHB Mike Sammons 0-0: Ball
1-0: Ball
2-0: Called Strike
2-1: Ball
3-1: Foul Ball, location: 2F
3-2: Base on Balls
Mike Thornton scores
Nick Foutz to third
Dennis Daniels to second
Pitching: LHP Tyler MacLean
Batting: RHB Vinny Luna 0-0: Ball
1-0: Fly out, F8 (Flyball, 8LD, EV 93.8 MPH)
Runner from 3rd tags up, SCORES, no throw by CF
Pitching: LHP Paul Griffin
Batting: LHB Sean Gingrich 0-0: Ball
1-0: Called Strike
1-1: Foul Ball, location: 2F
1-2: Ball
2-2: Strikes out swinging
Top of the 7th over - 5 runs, 4 hits, 0 errors, 2 left on base; Spokane 7 - Los Angeles (NYP) 2
BOTTOM OF THE 7TH
Los Angeles (NYP) Angels batting - Pitching for Spokane Indians : RHP Victor Walshe
Now at 1B: Sal Cervantes
Now at 3B: Casper Kersten
Now at SS: Aaron Graham
Now in CF: Walter Vegter
Batting: RHB Dan Burkhart 0-0: Ball
1-0: Called Strike
1-1: Called Strike
1-2: Ball
2-2: Ground out 5-3 (Groundball, 56S, EV 89.4 MPH)
Batting: LHB Spencer Palmer 0-0: Called Strike
0-1: Ball
1-1: Foul Ball, location: 2F
1-2: Fly out, F4 (Line Drive, 4M, EV 75.6 MPH)
Batting: RHB Phil Knox 0-0: Called Strike
0-1: Ball
1-1: Ball
2-1: Swinging Strike
2-2: Strikes out swinging
Bottom of the 7th over - 0 runs, 0 hits, 0 errors, 0 left on base; Spokane 7 - Los Angeles (NYP) 2
TOP OF THE 8TH
Spokane Indians batting - Pitching for Los Angeles (NYP) Angels : LHP Paul Griffin
Batting: RHB Aaron Graham 0-0: Ball
1-0: Foul Ball, location: 2F
1-1: DOUBLE (Line Drive, 9LM, EV 111.2 MPH)
Batting: LHB Casper Kersten 0-0: Ball
1-0: Ball
2-0: Called Strike
2-1: Ball
3-1: Called Strike
3-2: Base on Balls
Batting: LHB Walter Vegter 0-0: Bunted foul
0-1: Bunt missed!
0-2: Strikes out swinging
Batting: RHB Mike Thornton 0-0: Fly out, F8 (Flyball, 8LM, EV 90.6 MPH)
Batting: LHB Nick Foutz 0-0: Called Strike
0-1: Ball
1-1: Ball
2-1: Called Strike
2-2: TRIPLE (Line Drive, 89XD, EV 107.5 MPH)
Aaron Graham scores
Casper Kersten scores
Batting: RHB Dennis Daniels 0-0: Ball
1-0: Ball
2-0: SINGLE (Groundball, 4M, EV 103.8 MPH) (infield hit)
Nick Foutz scores
Batting: LHB Mike Sammons 0-0: Foul Ball, location: 2F
0-1: Called Strike
0-2: Ground out 4-3 (Groundball, 4, EV 80.0 MPH)
Top of the 8th over - 3 runs, 3 hits, 0 errors, 1 left on base; Spokane 10 - Los Angeles (NYP) 2
BOTTOM OF THE 8TH
Los Angeles (NYP) Angels batting - Pitching for Spokane Indians : RHP Victor Walshe
Pitching: LHP Tommy Hall
Batting: RHB Davey Verhoog 0-0: Called Strike
0-1: Swinging Strike
0-2: Strikes out swinging
Batting: RHB Dan Myers 0-0: Ball
1-0: Called Strike
1-1: Foul Ball, location: 2F
1-2: Strikes out swinging
Batting: RHB Rory Cobb 0-0: Ball
1-0: Fly out, F9 (Flyball, 9LM, EV 77.5 MPH)
Bottom of the 8th over - 0 runs, 0 hits, 0 errors, 0 left on base; Spokane 10 - Los Angeles (NYP) 2
TOP OF THE 9TH
Spokane Indians batting - Pitching for Los Angeles (NYP) Angels : LHP Paul Griffin
Pinch Hitting: RHB Theo van Gent 0-0: Ball
1-0: Called Strike
1-1: Swinging Strike
1-2: Foul Ball, location: 2F
1-2: Foul Ball, location: 2F
1-2: Foul Ball, location: 2F
1-2: Ball
2-2: Ball
3-2: Fly out, F9 (Flyball, 89S, EV 93.1 MPH)
Pitching: RHP Simon Vogel
Batting: RHB Sal Cervantes 0-0: Called Strike
0-1: Fly out, F8 (Line Drive, 8RD, EV 91.9 MPH)
Pinch Hitting: RHB Tyler Farver 0-0: Called Strike
0-1: SINGLE (Groundball, 3D, EV 96.9 MPH)
Pinch Hitting: RHB Donovan Auclair 0-0: Foul Ball, location: 2F
0-1: Ball
1-1: Called Strike
1-2: Fly out, F7 (Flyball, 7D, EV 100.6 MPH)
Top of the 9th over - 0 runs, 1 hit, 0 errors, 1 left on base; Spokane 10 - Los Angeles (NYP) 2
BOTTOM OF THE 9TH
Los Angeles (NYP) Angels batting - Pitching for Spokane Indians : LHP Tommy Hall
Now at 1B: Donovan Auclair
Now at 3B: Tyler Farver
Now at SS: Sal Cervantes
Now in RF: Theo van Gent
Batting: RHB Sean Rocha 0-0: Ball
1-0: Swinging Strike
1-1: Ball
2-1: Ball
3-1: Base on Balls
Batting: SHB Danny Gelinas 0-0: Called Strike
0-1: Foul Ball, location: 2F
0-2: Fly out, F5 (Popup, 5SF, EV 85.0 MPH)
Batting: LHB Alberto Carrillo 0-0: Called Strike
0-1: Swinging Strike
0-2: Strikes out swinging
Pinch Hitting: RHB Ron Major 0-0: Ball
1-0: DOUBLE (Line Drive, 78M, EV 95.6 MPH)
Sean Rocha to third
Batting: LHB Spencer Palmer 0-0: Called Strike
0-1: Called Strike
0-2: Foul Ball, location: 2F
0-2: Ball
1-2: Ball
2-2: Ball
3-2: Ground out 6-3 (Groundball, 6MS, EV 65.0 MPH)
Bottom of the 9th over - 0 runs, 1 hit, 0 errors, 2 left on base; Spokane 10 - Los Angeles (NYP) 2
Tuesday, March 28th , 2023 - OOTP Baseball 23.10 Build 110